 Dungeon Crawl Stone Soup version bcrawl-1.17.3 (webtiles) character file.

Game seed: 15420380451735895434

30 Chiseanne the Ducker (level 3, 0/27 HPs)
             Began as a Mummy Archaeologist on Oct 25, 2019.
             Slain by a gnoll
             ... wielding a +0 flail
              (2 damage)
             ... on level 1 of the Dungeon.
             The game lasted 00:02:02 (1409 turns).

Chiseanne the Ducker (Mummy Archaeologist)          Turns: 1409, Time: 00:02:03

Health: 0/27       AC: 11    Str: 14    XL:     3   Next: 5%
Magic:  3/3        EV:  6    Int: 14    God:
Gold:   53         SH:  0    Dex: 10    Spells: 2/2 levels left

rFire    x . .     SeeInvis .   i - -1 short sword (curse)
rCold    + . .     Gourm    .   (no shield)
rNeg     + + +     Faith    .   g - +0 chain mail
rPois    ∞         Spirit   .   c - +1 hat
rElec    .         Reflect  .   (no cloak)
rCorr    .         Harm     .   (no gloves)
MR       .....     Clarity  +   d - +1 pair of boots
Stlth    ..........             (no amulet)
HPRegen  0.09/turn              (no ring)
MPRegen  0.08/turn              (no ring)

@: studying Long Blades
A: no food or potions, fire vulnerability, clarity, cold resistance 1, negative
energy resistance 3, torment resistance, unbreathing
a: no special abilities


You were on level 1 of the Dungeon.
You were not hungry.

You visited 1 branch of the dungeon, and saw 2 of its levels.

You collected 53 gold pieces.

Inventory:

Hand Weapons
 b - a +0 whip
 i - a cursed -1 short sword (weapon)
 j - a +0 hand axe
 k - a +0 short sword
Missiles
 a - 137 stones (quivered)
 h - 142 bolts
Armour
 c - a +1 hat (worn)
 d - a +1 pair of boots (worn)
 g - a +0 chain mail (worn)
Books
 e - a manual of Long Blades
Miscellaneous
 f - an ancient crate


   Skills:
 - Level 1.9 Fighting
 + Level 0.2 Long Blades
 - Level 0.7 Maces & Flails
 - Level 1.0 Armour
 - Level 2.8 Dodging
 - Level 2.6 Stealth


You had 2 spell levels left.
You didn't know any spells.
Your spell library was empty.

Dungeon Overview and Level Annotations

Branches:
Dungeon (2/12)

Altars:
Xom


Innate Abilities, Weirdness & Mutations

You do not eat or drink.
Your flesh is vulnerable to fire.
You are immune to poison.
You possess an exceptional clarity of mind.
Your flesh is cold resistant. (rC+)
You are immune to negative energy. (rN+++)
You are immune to unholy pain and torment.
You can survive without breathing.


Message History

You see here a giant cockroach corpse.
There is a stone staircase leading up here.
The gnoll hits you with a +0 flail.
You climb upwards.
There is a stone staircase leading down here.
You closely miss the gnoll. The gnoll hits you with a +0 flail.
* * * LOW HITPOINT WARNING * * *
You barely miss the gnoll. The gnoll hits you with a +0 flail.
* * * LOW HITPOINT WARNING * * *
You hit the gnoll.
The gnoll is lightly wounded.
The gnoll hits you with a +0 flail.
* * * LOW HITPOINT WARNING * * *
You hit the gnoll.
The gnoll is heavily wounded.
The gnoll completely misses you.
You closely miss the gnoll.
The gnoll is heavily wounded.
The gnoll hits you with a +0 flail.
You die...

#.# ##.###.#########....#.#
#.# #.# ### ##.#.#<# #.# #.#
#§#§#.# ##.####.#### #.#§#.#
##..........###########.#§#.#
#.###...................#§#.#
#.# #.......#########...#§#.#
#.###.).....##.## ##.#.#§#.#
##...##...#.#@#.####.#..#§#.#
##..###.##.g###....#..§§§#.#
#..######.#.#.####..#.###.##
#.........##.######.#.###..)
#..###..............#....###
#................#######.#
#..####.......##....#....###
#..# #.......###.....####..
##.# #.......# #.#.#)......


You could see a gnoll.

Vanquished Creatures
  2 leopard geckos (D:1)
  3 giant cockroaches
  6 hobgoblins
  2 jackals (D:1)
  8 kobolds
  A ball python (D:2)
  3 bats (D:1)
  A frilled lizard (D:1)
  A rat (D:2)
27 creatures vanquished.

Notes
Turn   | Place    | Note
-------+----------+-------------------------------------------
     0 | D:1      | Chiseanne the Mummy Archaeologist began the quest for the
                  | Orb.
     0 | D:1      | Reached XP level 1. HP: 15/15 MP: 1/1
   518 | D:1      | Reached XP level 2. HP: 21/21 MP: 2/2
   968 | D:2      | Found a shimmering altar of Xom.
  1145 | D:1      | Reached skill level 1 in Armour
  1356 | D:2      | Reached XP level 3. HP: 23/27 MP: 3/3
  1409 | D:1      | Slain by a gnoll

Skill      XL: |  1  2 |
---------------+-------+-----
Armour         | 1 |  1.0
Fighting       | |  1.9
Long Blades    | |  0.2
Maces & Flails | |  0.7
Dodging        | |  2.8
Stealth        | |  2.6

Action                   || total
-------------------------++-------
Melee: Short sword       ||   198
       Whip              ||     1
  Use: Scroll            ||     3
 Stab: Sleeping          ||     1
Armor: Chain mail        ||   148
Dodge: Dodged            ||    74
